 Dungeon Crawl Stone Soup version 0.28.0 (webtiles) character file.

Game seed: 1093250218544742081

689 xSliceyx the Covered (level 7, 0/46 (52) HPs)
             Began as a Formicid Fighter on Feb 4, 2022.
             Slain by Pikel (2 damage)
             ... on level 4 of the Dungeon.
             The game lasted 00:12:42 (4540 turns).

xSliceyx the Covered (Formicid Fighter)             Turns: 4540, Time: 00:12:43

HP:   0/46 (52)     AC:  8    Str: 22    XL:     7   Next: 95%
MP:   7/7           EV:  9    Int:  8    God:
Gold: 160           SH:  5    Dex: 10    Spells: 6/6 levels left

rFire   . . .      SeeInvis +   a - +1 long sword
rCold   . . .      Faith    .   c - +0 buckler
rNeg    . . .      Spirit   .   b - +0 scale mail
rPois   .          Reflect  .   (helmet unavailable)
rElec   .          Harm     .   (no cloak)
rCorr   .          Rampage  .   (no gloves)
Will    .....                   (no boots)
Stlth   ..........              (no amulet)
HPRegen 0.15/turn               (no ring)
MPRegen 0.10/turn               (no ring)

@: mighty, heavily drained
A: permanent stasis, dig shafts and tunnels, antennae 3, four strong arms
a: Dig, Shaft Self


You were on level 4 of the Dungeon.
You visited 1 branch of the dungeon, and saw 5 of its levels.
You also visited: Sewer.

You collected 160 gold pieces.

Inventory:

Hand Weapons
 a - a +1 long sword (weapon)
Missiles
 p - 17 poisoned darts (quivered)
Armour
 b - a +0 scale mail (worn)
 c - a +0 buckler (worn)
 t - a +0 chain mail
Scrolls
 h - a scroll of magic mapping
 i - a scroll of blinking {unknown}
 l - 2 scrolls of enchant armour
 o - a scroll of enchant weapon
 r - 2 scrolls of silence
 s - a scroll of fog {unknown}
 u - a scroll of amnesia {unknown}
Potions
 e - 3 potions of heal wounds
 g - a potion of curing
 j - a potion of ambrosia {unknown}
 k - a potion of lignification {unknown}
 m - a potion of magic {unknown}
 n - a potion of haste {unknown}


   Skills:
 - Level 3.2 Fighting
 - Level 2.0 Long Blades
 + Level 7.8 Armour
 - Level 7.0 Shields


You had 6 spell levels left.
You didn't know any spells.
Your spell library contained the following spells:

 Spells                   Type           Power      Damage    Failure   Level
 Summon Forest            Summ/Tloc      0%         N/A       100%        5
 Summon Mana Viper        Hex/Summ       0%         N/A       100%        5
 Summon Cactus Giant      Summ           0%         N/A       100%        6


Dungeon Overview and Level Annotations

Branches:
Dungeon (5/15)              Sewer (visited)
 Temple: D:4-7

Altars:
Xom

Shops:
D:1 [   D:2 [

Annotations:
D:4 Pikel


Innate Abilities, Weirdness & Mutations

You cannot be hasted, slowed, berserked, paralysed or teleported.
You can dig through walls and to a lower floor.
You have a pair of large antennae on your head. (SInv)
Your four strong arms can wield two-handed weapons with a shield.


Message History

You closely miss Pikel.
Pikel is moderately wounded.
Pikel hits you with a +0 whip of flaming.
Pikel burns you.
You hit Pikel.
Pikel is heavily wounded.
Pikel closely misses you. You block Pikel's attack.
You hit Pikel but do no damage.
Pikel is heavily wounded.
Pikel hits you with a +0 whip of flaming.
Pikel burns you.
You barely miss Pikel.
Pikel is moderately wounded.
Pikel hits you with a +0 whip of flaming.
Pikel burns you.
You feel very mighty all of a sudden.
Pikel hits you with a +0 whip of flaming.
Pikel burns you.
You barely miss Pikel.
Pikel is moderately wounded.
Pikel hits you with a +0 whip of flaming.
* * * LOW HITPOINT WARNING * * *
Pikel burns you.
* * * LOW HITPOINT WARNING * * *
Pikel closely misses you.
You slash Pikel!
Pikel is severely wounded.
Pikel closely misses you.
You closely miss Pikel.
Pikel is severely wounded.
You block Pikel's attack.
You closely miss Pikel.
Pikel is severely wounded.
Pikel closely misses you.
You barely miss Pikel.
Pikel is severely wounded.
Pikel hits you with a +0 whip of flaming!
* * * LOW HITPOINT WARNING * * *
Pikel burns you.
You die...

..........#
.|........#
..........#
..........#
##........#
.#........#
.#........# ###
.#........# ##K##
.#........####{#@#
.#.............###
.#.............#
.#.............#
.#.............#
.#.............#
.#.............#
##.............#
...............#


You could see Pikel.

Vanquished Creatures
  A hornet (D:4)
  Pargi (Sewer)
  A sky beast (D:3)
  A black bear (D:4)
  An orc priest (D:4)
  An iguana (D:3)
  A hound skeleton (D:4)
  4 adders
  3 worms (D:3)
  2 dart slugs (D:1)
  5 orcs
  9 bats
  3 endoplasms
  7 giant cockroaches
  7 goblins
  13 hobgoblins
  13 kobolds
  A quokka (D:4)
  6 ball pythons (D:1)
  6 frilled lizards
  10 rats
96 creatures vanquished.

Notes
Turn   | Place    | Note
-------+----------+-------------------------------------------
     0 | D:1      | xSliceyx the Formicid Fighter began the quest for the Orb.
     0 | D:1      | Reached XP level 1. HP: 18/18 MP: 1/1
   158 | D:1      | Found Asutagg's Armour Shop.
   200 | D:1      | Reached XP level 2. HP: 21/24 MP: 2/2
   449 | D:1      | Reached XP level 3. HP: 25/29 MP: 3/3
  1241 | D:2      | Found a shimmering altar of Xom.
  1258 | D:2      | Reached XP level 4. HP: 35/35 MP: 4/4
  1538 | D:2      | Found Otous's Armour Emporium.
  1657 | D:2      | You fall into a shaft and drop 2 floors!
  1772 | D:3      | Reached skill level 5 in Shields
  1805 | D:3      | Reached XP level 5. HP: 40/41 MP: 5/5
  1880 | D:3      | Found a glowing drain.
  1899 | Sewer    | Entered a sewer
  1942 | Sewer    | Noticed Pargi
  1957 | Sewer    | Killed Pargi
  1958 | Sewer    | Reached skill level 5 in Armour
  1958 | Sewer    | Reached XP level 6. HP: 10/47 MP: 6/6
  3043 | D:3      | Noticed a sky beast
  3055 | D:3      | Killed a sky beast
  3577 | D:4      | Noticed a black bear
  3587 | D:4      | Killed a black bear
  3588 | D:4      | Reached XP level 7. HP: 42/52 MP: 7/7
  3772 | D:4      | Noticed a hornet
  3779 | D:4      | Killed a hornet
  4507 | D:5      | Entered Level 5 of the Dungeon
  4507 | D:5      | Noticed Pikel
  4540 | D:4      | HP: 2/46 [Pikel (9)]
  4540 | D:4      | Slain by Pikel

Illustrated notes

Levels and vault maps discovered:
D:1:      eino_arrival_tree_alley, layout_basic, serial_shops,
          nicolae_shop_crystal
D:2:      layout_basic, serial_shops, shop, basic_altar
D:3:      layout_rooms, gup_sewer_entry_bowl, minmay_increasing_density
D:4:      layout_gridville
D:5:      layout_basic, minmay_temple_entry_trees, uniq_duvessa, uniq_pikel

Skill      XL: |  1  2  3  4  5  6  7 |
---------------+----------------------+-----
Shields        | 4 5 6 7 |  7.0
Armour         | 4 5 6 7 |  7.8
Fighting       | |  3.2
Long Blades    | |  2.0

Action                   |  1- 3 |  4- 6 |  7- 9 || total
-------------------------+-------+-------+-------++-------
Melee: Long sword        |    99 |   193 |    45 ||   337
Throw: Dart              |       |     5 |     4 ||     9
 Abil: Dig               |       |     2 |     1 ||     3
  Use: Scroll            |       |     4 |     5 ||     9
       Potion            |       |     1 |     2 ||     3
Armor: Scale mail        |    48 |    96 |    14 ||   158
Dodge: Dodged            |    41 |    93 |    14 ||   148
Block: Buckler           |    22 |    42 |    13 ||    77
